 Dungeon Crawl Stone Soup version 0.27.1-2-g3b301248ec (webtiles) character file.

Game seed: 5994012577708403124

165 chaosape the Magician (level 5, 0/37 HPs)
             Began as a Gnoll Wanderer on Sept 21, 2021.
             Slain by a gnoll (2 damage)
             ... on level 4 of the Dungeon on Sept 26, 2021.
             The game lasted 00:16:11 (4769 turns).

chaosape the Magician (Gnoll Wanderer)              Turns: 4769, Time: 00:16:11

Health: 0/37       AC:  2    Str: 10    XL:     5   Next: 46%
Magic:  8/14       EV: 12    Int: 12    God:
Gold:   96         SH:  0    Dex: 13    Spells: 15/18 levels left

rFire    . . .     SeeInvis .   a - +1 dagger
rCold    . . .     Faith    .   (no shield)
rNeg     + . .     Spirit   .   b - +0 robe
rPois    .         Reflect  .   (no helmet)
rElec    .         Harm     .   (no cloak)
rCorr    .         Rampage  .   (no gloves)
Will     .....                  (no boots)
Stlth    ++........             (no amulet)
HPRegen  0.12/turn              t - ring of positive energy
MPRegen  0.14/turn              (no ring)

@: no status effects
A: fangs 1, strong nose, distributed training
a: no special abilities


You were on level 4 of the Dungeon.
You visited 1 branch of the dungeon, and saw 4 of its levels.

You collected 96 gold pieces.

Inventory:

Hand Weapons
 a - a +1 dagger (weapon)
 q - a +0 mace
Missiles
 c - 28 arrows
 e - 67 sling bullets
Armour
 b - a +0 robe (worn)
 f - a +0 ring mail
 i - a +0 scale mail
 n - a +0 ring mail
Jewellery
 t - a ring of positive energy (left hand)
Scrolls
 d - a scroll of teleportation
 o - a scroll of immolation {unknown}
 v - a scroll of fear
Potions
 g - a potion of heal wounds {unknown}
 h - a potion of degeneration {unknown}
 j - a potion of lignification {unknown}
 l - a potion of magic {unknown}
 m - a potion of mutation {unknown}
 p - a potion of attraction {unknown}
 r - a potion of ambrosia {unknown}
 s - a potion of haste {unknown}
 u - a potion of brilliance {unknown}


   Skills:
 + Level 1.5 Fighting
 + Level 1.5 Short Blades
 + Level 1.5 Long Blades
 + Level 1.5 Axes
 + Level 1.5 Maces & Flails
 + Level 1.5 Polearms
 + Level 1.5 Staves
 + Level 1.5 Slings
 + Level 1.5 Bows
 + Level 1.5 Crossbows
 + Level 1.5 Throwing
 + Level 1.5 Armour
 + Level 1.5 Dodging
 + Level 1.5 Stealth
 + Level 1.5 Shields
 + Level 1.5 Unarmed Combat
 + Level 7.3 Spellcasting
 + Level 1.2 Conjurations
 + Level 1.2 Hexes
 + Level 1.2 Summonings
 + Level 5.5 Necromancy
 + Level 1.2 Translocations
 + Level 2.4 Transmutations
 + Level 1.2 Fire Magic
 + Level 2.4 Ice Magic
 + Level 1.2 Air Magic
 + Level 1.2 Earth Magic
 + Level 1.2 Poison Magic
 + Level 1.7 Invocations
 + Level 4.8 Evocations


You had 15 spell levels left.
You knew the following spells:

 Your Spells              Type           Power      Damage    Failure   Level
a - Freeze                Ice            40%        1d6       6%          1
b - Corpse Rot            Necr/Air       N/A        N/A       6%          2

Your spell library contained the following spells:

 Spells                   Type           Power      Damage    Failure   Level
 Sublimation of Blood     Necr           8%         N/A       2%          2
 Vampiric Draining        Necr           8%         2d7       4%          3
 Sandblast                Erth           14%        2d6       10%         1
 Slow                     Hex            7%         N/A       14%         2
 Frozen Ramparts          Ice            20%        1d4       17%         3
 Ozocubu's Armour         Ice            10%        N/A       17%         3
 Confusing Touch          Hex            7%         N/A       28%         3
 Stone Arrow              Conj/Erth      14%        3d7       28%         3
 Hailstorm                Conj/Ice       8%         3d4       58%         4


Dungeon Overview and Level Annotations

Branches:
Dungeon (4/15)
 Temple: D:4-7

Altars:
Qazlal

Annotations:
D:3 Terence


Innate Abilities, Weirdness & Mutations

You have very sharp teeth.
Your uncanny sense of smell can sniff out nearby items.
Your experience applies equally to all skills.


Message History

Aim: a gnoll, wielding a +2 whip of electrocution (heavily wounded)
You freeze the gnoll.
The gnoll is almost dead.
The gnoll closely misses you.
Casting: Freeze (safe; 6% risk of failure)
Confirm with . or Enter, or press ? or * to list all spells.
Aiming: Freeze (safe; 6% risk of failure)
Press: ? - help, Shift-Dir - straight line, f/p - gnoll
Aim: a gnoll, wielding a +2 whip of electrocution (almost dead)
You freeze the gnoll.
You kill the gnoll!
Casting: Freeze (safe; 6% risk of failure)
Confirm with . or Enter, or press ? or * to list all spells.
Aiming: Freeze (safe; 6% risk of failure)
Press: ? - help, Shift-Dir - straight line, f - orc
Aim: an orc, wielding a +0 morningstar You freeze the orc.
The orc is almost dead.
The orc closely misses you.
Casting: Freeze (safe; 6% risk of failure)
Confirm with . or Enter, or press ? or * to list all spells.
Aiming: Freeze (safe; 6% risk of failure)
Press: ? - help, Shift-Dir - straight line, f/p - orc
Aim: an orc, wielding a +0 morningstar (severely wounded)
You freeze the orc.
The orc is almost dead.
The orc hits you with a +0 morningstar.
* * * LOW HITPOINT WARNING * * *
The gnoll barely misses you.
Casting: Freeze (safe; 6% risk of failure)
Confirm with . or Enter, or press ? or * to list all spells.
Aiming: Freeze (safe; 6% risk of failure)
Press: ? - help, Shift-Dir - straight line, f/p - orc
Aim: an orc, wielding a +0 morningstar (almost dead)
You freeze the orc.
You kill the orc!
The gnoll hits you from afar with a +2 spear of freezing!
* * * LOW HITPOINT WARNING * * *
The gnoll freezes you.
You die...

#......#.........................
#......#.........................
#......#.........................
#......#.........................
#......#.........................
#......#.........................
#......#..g....g.................
#......#'#######o###'##...######+
##'#...g..# #@# ###....#####..
..g#......#.......#>.##...##.<#..
.g.+......#.......#...#...#...#..
...#......#.......##..#...#..##..
.o.#......#........###.....###...
...#......#......................
...#......#.............♣........
#......###.##.................
....#+## ####.....###...


You could see a gnoll and an orc.

Vanquished Creatures
  A scorpion (D:4)
  Jessica (D:2)
  A gnoll (D:4)
  An adder (D:2)
  4 dart slugs
  6 orcs
  5 ball pythons (D:1)
  3 bats (D:1)
  5 endoplasms
  4 goblins
  4 hobgoblins
  6 frilled lizards
  A giant cockroach zombie (D:3)
  6 kobolds
  7 rats
55 creatures vanquished.

Notes
Turn   | Place    | Note
-------+----------+-------------------------------------------
     0 | D:1      | chaosape the Gnoll Wanderer began the quest for the Orb.
     0 | D:1      | chaosape set off with the following items: a +0 dagger, a
                  | +0 robe; and the following spells available to memorise:
                  | Sublimation of Blood, Freeze, Corpse Rot, Sandblast, Frozen
                  | Ramparts, Ozocubu's Armour, Stone Arrow, Hailstorm
     0 | D:1      | Reached XP level 1. HP: 13/13 MP: 8/8
     2 | D:1      | Learned a level 1 spell: Freeze
   221 | D:1      | Reached XP level 2. HP: 11/19 MP: 7/10
  1450 | D:1      | Learned a level 2 spell: Corpse Rot
  1465 | D:1      | Reached XP level 3. HP: 16/25 MP: 4/11
  2185 | D:2      | Reached skill level 1 in Invocations
  2293 | D:2      | Noticed Jessica
  2302 | D:2      | Killed Jessica
  2303 | D:2      | Reached skill level 1 in Fighting
  2303 | D:2      | Reached skill level 1 in Short Blades
  2303 | D:2      | Reached skill level 1 in Long Blades
  2303 | D:2      | Reached skill level 1 in Axes
  2303 | D:2      | Reached skill level 1 in Maces & Flails
  2303 | D:2      | Reached skill level 1 in Polearms
  2303 | D:2      | Reached skill level 1 in Staves
  2303 | D:2      | Reached skill level 1 in Slings
  2303 | D:2      | Reached skill level 1 in Bows
  2303 | D:2      | Reached skill level 1 in Crossbows
  2303 | D:2      | Reached skill level 1 in Throwing
  2303 | D:2      | Reached skill level 1 in Armour
  2303 | D:2      | Reached skill level 1 in Dodging
  2303 | D:2      | Reached skill level 1 in Stealth
  2303 | D:2      | Reached skill level 1 in Shields
  2303 | D:2      | Reached skill level 1 in Unarmed Combat
  2303 | D:2      | Reached XP level 4. HP: 26/32 MP: 10/13
  2430 | D:2      | Found a stormy altar of Qazlal.
  4058 | D:3      | Reached skill level 1 in Conjurations
  4058 | D:3      | Reached skill level 1 in Hexes
  4058 | D:3      | Reached skill level 1 in Summonings
  4058 | D:3      | Reached skill level 1 in Translocations
  4058 | D:3      | Reached skill level 1 in Fire Magic
  4058 | D:3      | Reached skill level 1 in Air Magic
  4058 | D:3      | Reached skill level 1 in Earth Magic
  4058 | D:3      | Reached skill level 1 in Poison Magic
  4190 | D:3      | Noticed Terence
  4503 | D:4      | Noticed a scorpion
  4511 | D:4      | Killed a scorpion
  4512 | D:4      | Reached XP level 5. HP: 26/37 MP: 9/14
  4755 | D:4      | Upgraded the game from 0.27.1-1-g398f81649c to
                  | 0.27.1-2-g3b301248ec
  4769 | D:4      | Slain by a gnoll

Illustrated notes

Levels and vault maps discovered:
D:1:      wander_arrival_desolate, layout_loops_ring, minmay_misc_feat_diagonals
D:2:      layout_basic, basic_altar, uniq_jessica
D:3:      layout_basic, serial_undead, serial_undead_c, serial_undead_c,
          serial_undead_a, serial_undead_a, kennysheep_generic_room_4,
          uniq_terence
D:4:      layout_gridville, chequers_temple_overflow_statue_of_worship,
          grunt_decor_mini_mirrors, grunt_ministairs_6

Skill      XL: |  1  2  3  4 |
---------------+-------------+-----
Transmutations | 2 |  2.4
Ice Magic      | 2 |  2.4
Invocations    | 1 |  1.7
Fighting       | 1 |  1.5
Short Blades   | 1 |  1.5
Long Blades    | 1 |  1.5
Axes           | 1 |  1.5
Maces & Flails | 1 |  1.5
Polearms       | 1 |  1.5
Staves         | 1 |  1.5
Slings         | 1 |  1.5
Bows           | 1 |  1.5
Crossbows      | 1 |  1.5
Throwing       | 1 |  1.5
Armour         | 1 |  1.5
Dodging        | 1 |  1.5
Stealth        | 1 |  1.5
Shields        | 1 |  1.5
Unarmed Combat | 1 |  1.5
Conjurations   | 1 |  1.2
Hexes          | 1 |  1.2
Summonings     | 1 |  1.2
Translocations | 1 |  1.2
Fire Magic     | 1 |  1.2
Air Magic      | 1 |  1.2
Earth Magic    | 1 |  1.2
Poison Magic   | 1 |  1.2
Spellcasting   | |  7.3
Necromancy     | |  5.5
Evocations     | |  4.8

Action                   |  1- 3 |  4- 6 || total
-------------------------+-------+-------++-------
Melee: Dagger            |    43 |    26 ||    69
       Bite              |     4 |     2 ||     6
       Punch             |       |     1 ||     1
 Cast: Freeze            |    50 |    55 ||   105
  Use: Scroll            |     1 |     5 ||     6
Armor: Robe              |    21 |     6 ||    27
Dodge: Dodged            |    54 |    33 ||    87
